 Dungeon Crawl Stone Soup version 0.32-a0-576-g706899e (webtiles) character file.

Game seed: 12188440670446038184

49012 Remcycle the Merfolkian Cataclysm (level 14, -16/115 HPs)
             Began as a Merfolk Fighter on Mar 1, 2024.
             Was a High Priest of Qazlal.
             Demolished by Rupert
             ... wielding a +1 great mace of protection
              (27 damage)
             ... on level 11 of the Dungeon.
             The game lasted 00:43:51 (17450 turns).

Remcycle the Merfolkian Cataclysm (MfFi)           Turns: 17450, Time: 00:43:52

Health: -16/115    AC: 19    Str: 25    XL:     14   Next: 48%
Magic:  0/24       EV: 13    Int:  7    God:    Qazlal [*****.]
Gold:   1231       SH: 17    Dex: 20    Spells: 13/13 levels left

rFire   + . .        a - +1 trident (vamp)
rCold   + + +        h - +2 buckler "Kenguff" {-Cast rPois rC+++ Str+4}
rNeg    . . .        G - +0 plate armour
rPois   +            (no helmet)
rElec   +            (no cloak)
rCorr   +            s - +0 pair of gloves
SInv    .            D - +0 pair of boots
Will    +....        w - amulet of guardian spirit Stlth
                     p - ring of poison resistance
HPRegen 0.39/turn    c - +6 ring of dexterity
MPRegen 0.19/turn

%: no spellcasting, repel missiles, guardian spirit
@: resistant, protected from physical damage
A: (nimble swimmer 2), mertail
a: Renounce Religion, Upheaval, Elemental Force, Disaster Area


You were on level 11 of the Dungeon.
You worshipped Qazlal.
Qazlal was extremely pleased with you.
You visited 3 branches of the dungeon, and saw 17 of its levels.
You also visited: Sewer and Ice Cave.

You collected 2271 gold pieces.
You spent 1040 gold pieces at shops.

Inventory:

Hand Weapons
 a - a +1 vampiric trident (weapon)
 b - the +2 Maxwell's thermic engine {flame, freeze, rev}
   (You found it in an ice cave)
Missiles
 A - 5 throwing nets
Armour
 h - the +2 buckler "Kenguff" (worn) {-Cast rPois rC+++ Str+4}
   (You acquired it on level 4 of the Dungeon)

   Str+4:     It affects your strength (+4).
   rC+++:     It renders you almost immune to cold.
   rPois:     It protects you from poison.
   -Cast:     It prevents spellcasting.
 s - a +0 pair of gloves (worn)
 D - a +0 pair of boots (worn)
 G - a +0 plate armour (worn)
Jewellery
 c - a +6 ring of dexterity (right hand)
 g - a ring of protection from fire
 p - a ring of poison resistance (left hand)
 r - an amulet of faith
 w - an amulet of guardian spirit (around neck)
Wands
 t - a wand of flame (39) (quivered)
 x - a wand of acid (5)
 z - a wand of paralysis (12)
 F - a wand of polymorph (4)
Scrolls
 e - 4 scrolls of blinking
 m - a scroll of summoning
 o - 3 scrolls of fear
 v - a scroll of revelation
 y - 3 scrolls of poison
 E - 2 scrolls of teleportation
Potions
 d - 4 potions of might
 f - a potion of ambrosia
 i - 6 potions of curing
 j - a potion of berserk rage {unknown}
 k - a potion of resistance
 l - 2 potions of heal wounds
 n - 2 potions of lignification {unknown}
 q - a potion of mutation {unknown}
 u - 2 potions of haste {unknown}
 B - a potion of invisibility {unknown}
 C - a potion of enlightenment {unknown}


   Skills:
 + Level 12.1 Fighting
 + Level 5.4 Long Blades
 - Level 14.0 Polearms
 + Level 8.6 Armour
 - Level 11.0 Dodging
 - Level 10.0 Shields
 + Level 14.6 Invocations


You had 13 spell levels left.
You didn't know any spells.
Your spell library contained the following spells:

 Spells                   Type           Power      Damage    Failure   Level
 Foxfire                  Conj/Fire      0%         2x1d4     99%         1
 Kiss of Death            Conj/Necr      0%         2d5       99%         1
 Magic Dart               Conj           0%         1d3       99%         1
 Shock                    Conj/Air       0%         1d3       99%         1
 Lesser Beckoning         Tloc           0%         N/A       100%        2
 Searing Ray              Conj           0%         2d4       100%        2
 Static Discharge         Conj/Air       0%         3-3/arc   100%        2
 Gell's Gravitas          Tloc           0%         N/A       100%        3
 Swiftness                Air            0%         N/A       100%        3
 Teleport Other           Tloc           0%         N/A       100%        3
 Airstrike                Air            0%         2d(0-16)  100%        4
 Fulminant Prism          Conj/Alch      0%         3d5       100%        4
 Sticky Flame             Fire/Alch      0%         2d4       100%        4
 Summon Lightning Spire   Summ/Air       0%         N/A       100%        4
 Summon Forest            Summ/Tloc      0%         N/A       100%        5
 Summon Mana Viper        Hex/Summ       0%         N/A       100%        5
 Eringya's Noxious Bog    Alch           0%         4d6       100%        6
 Plasma Beam              Fire/Air       0%         2x1d10    100%        6
 Starburst                Conj/Fire      0%         6d3       100%        6
 Summon Cactus Giant      Summ           0%         N/A       100%        6
 Summon Hydra             Summ           0%         N/A       100%        7


Dungeon Overview and Level Annotations

Branches:
Dungeon (12/15)            Temple (1/1) D:4            Lair (4/5) D:9
 Shoals (0/4) Lair:2        Snake (0/4) Lair:2        Slime (0/5) Lair:4
    Orc (0/2) D:9           Sewer (visited)           IceCv (visited)

Altars:
Ashenzari
Cheibriados
Dithmenos
Elyvilon
Fedhas
Gozag
Hepliaklqana
Kikubaaqudgha
Makhleb
Nemelex Xobeh
Okawaru
Qazlal
Ru
Sif Muna
Trog
Uskayaw
Vehumet
Wu Jian
Xom
Yredelemnul
Zin
The Shining One
Jiyva

Shops:
D:3 :

Portals:
Trove: D:11 (give 7 scrolls of fear)

Annotations:
D:11 Rupert
D:12 Lodul; Nergalle
Lair:1 2 transporters, Zoroqier's ghost, journeyman HuFi


Innate Abilities, Weirdness & Mutations

((You are very nimble when in or above water. (Stealth+, EV+, Speed+++)))
Your lower body shifts to a powerful aquatic tail in water.


Message History

You barely miss the komodo dragon.
The komodo dragon is almost dead.
You block Rupert's attack.
You hit the komodo dragon but do no damage.
The komodo dragon is almost dead.
The orc warrior hits you but does no damage.
Rupert hits you with a +1 great mace of protection!
* * * LOW HITPOINT WARNING * * *
You feel more protected from physical attacks.
The komodo dragon bites you!
* * * LOW HITPOINT WARNING * * *
You feel much better.
Rupert hits you with a +1 great mace of protection!!
* * * LOW HITPOINT WARNING * * *
You feel more protected from physical attacks.
You block the orc warrior's attack. You block the komodo dragon's attack.
Rupert completely misses you.
You feel protected. The orc warrior closely misses you.
Rupert hits you with a +1 great mace of protection.
* * * LOW HITPOINT WARNING * * *
You feel more protected from physical attacks.
You block the komodo dragon's attack.
Unknown command.
You feel much better.
Rupert hits you with a +1 great mace of protection!!!
* * * LOW HITPOINT WARNING * * *
You block the orc warrior's attack. The komodo dragon barely misses you.
Rupert completely misses you. You block the orc warrior's attack.
Rupert hits you with a +1 great mace of protection!
* * * LOW HITPOINT WARNING * * *
Things that are here:
a +0 troll leather armour; a troll corpse Rupert barely misses you.
Rupert attacks as he pursues you! You block Rupert's attack.
Rupert attacks as he pursues you! Rupert completely misses you.
Rupert hits you with a +1 great mace of protection!!
You die...
Rupert roars with triumph.

#.# ##.# ######## ...# #......#
...####......# ...+..#......#
...##.#......#
...##.##....###############
...##.#...........§l[.....#
...............☼@@o.[>###.#######
#.###.......#########)###.#......
#'###.......# #...#.#.#####
.[..#.....### #...#.#.#
....#.....# #...#.#.# ....#.#.###
#...#.#.#####
....#.#.#############...#.......#
....#.#.............#.###..÷....#
.####.#############.#.# #.......#


You could see Rupert (berserk), a komodo dragon and an orc warrior.

Vanquished Creatures
  A reaper (IceCv)
  Fannar (Lair:2)
  Harold (D:11)
  3 centaur warriors (D:10)
  2 boulder beetles
  Erica (D:11)
  3 two-headed ogres
  A catoblepas (Lair:2)
  Sonja (Lair:2)
  A skyshark (Lair:4)
  A deep troll (Lair:3)
  Pikel (D:8)
  An ugly thing (D:11)
  2 cyclopes (D:11)
  4 black mambas
  A merfolk siren (Lair:2)
  2 ice statues (IceCv)
  6 cane toads
  A kobold demonologist (D:11)
  5 ice devils (IceCv)
  2 komodo dragons
  A freezing wraith (IceCv)
  Psyche (D:8)
  2 rime drakes
  A polar bear (Lair:2)
  A merfolk (Lair:2)
  5 trolls
  7 blink frogs
  A shadow (D:6)
  28 yaks
  Sigmund (D:2)
  5 wraiths
  3 wyverns
  3 basilisks
  3 vampire mosquitoes
  2 steam dragons (D:6)
  3 nagas (Lair:2)
  30 water moccasins
  2 harpy simulacra (IceCv)
  3 acid dragons
  A hydra simulacrum (IceCv)
  Pargi (Sewer)
  2 orc warriors
  3 sky beasts
  10 ice beasts
  A black bear (Lair:2)
  3 ogres
  5 centaurs
  2 lemures (D:8)
  4 wolves (D:9)
  2 phantoms
  3 kobold brigands
  A brain worm (Sewer)
  16 bullfrogs
  2 scorpions
  A cane toad simulacrum (IceCv)
  A two-headed ogre simulacrum (IceCv)
  8 wights
  9 killer bees
  3 electric eels
  2 bombardier beetles
  A hound (D:7)
  A jelly (D:4)
  A gnoll bouda (D:8)
  4 orc priests
  Jessica (D:3)
  8 orc wizards
  A sleepcap (D:6)
  An iguana (D:6)
  2 polar bear simulacra (IceCv)
  A troll simulacrum (IceCv)
  A wolf simulacrum (IceCv)
  3 spriggan simulacra (IceCv)
  5 gnolls
  30 adders
  A naga simulacrum (IceCv)
  18 white imps
  8 ufetubi
  A ribbon worm (D:2)
  36 orcs
  2 bats
  9 endoplasms
  3 giant cockroaches
  7 hobgoblins
  18 kobolds
  3 quokkas
  11 ball pythons
  7 frilled lizards
  6 goblins
  5 rats
418 creatures vanquished.

Vanquished Creatures (collateral kills)
  An ice devil (IceCv)
  A death yak simulacrum (IceCv)
2 creatures vanquished.

Vanquished Creatures (others)
  An orc (D:11)
1 creature vanquished.

Grand Total: 421 creatures vanquished

Notes
Turn   | Place    | Note
-------+----------+-------------------------------------------
     0 | D:1      | Remcycle the Merfolk Fighter began the quest for the Orb.
     0 | D:1      | Reached XP level 1. HP: 18/18 MP: 1/1
    75 | D:1      | Reached XP level 2. HP: 23/24 MP: 2/2
   239 | D:1      | Reached XP level 3. HP: 15/29 MP: 3/3
   900 | D:2      | Reached skill level 5 in Polearms
   984 | D:2      | Reached XP level 4. HP: 35/35 MP: 4/4
  1222 | D:2      | Noticed Sigmund
  1239 | D:2      | Killed Sigmund
  1240 | D:2      | Reached XP level 5. HP: 19/41 MP: 5/5
  1240 | D:2      | Reached XP level 6. HP: 22/47 MP: 6/6
  1482 | D:2      | Got Enkiesul's Annotations on Accelerants and the Mausoleum
  1726 | D:3      | Found Guwag's Vocational Training.
  1755 | D:3      | Found a glowing drain.
  1764 | Sewer    | Entered a sewer
  1832 | Sewer    | Noticed Pargi
  1852 | Sewer    | Killed Pargi
  1853 | Sewer    | Reached XP level 7. HP: 52/52 MP: 7/7
  2058 | D:3      | Found a basalt altar of Yredelemnul.
  2070 | D:3      | Found a sacrificial altar of Ru.
  2141 | D:3      | Reached skill level 10 in Polearms
  2205 | D:3      | Found a faded altar of an unknown god.
  2297 | D:3      | Noticed Jessica
  2300 | D:3      | Killed Jessica
  2935 | D:4      | Identified a scroll of acquirement
  2935 | D:4      | Acquired 1237 gold pieces
  3322 | D:4      | Found a staircase to the Ecumenical Temple.
  3331 | Temple   | Entered the Ecumenical Temple
  3351 | Temple   | Became a worshipper of Qazlal Stormbringer
  3393 | D:3      | Bought a manual of Invocations for 1040 gold pieces
  3491 | D:4      | Reached skill level 1 in Invocations
  3491 | D:4      | Reached XP level 8. HP: 56/58 MP: 8/8
  3721 | D:4      | Reached skill level 1 in Dodging
  3916 | D:4      | Acquired the +2 buckler "Kenguff" {-Cast rPois rC+++ Str+4}
  4020 | D:5      | Entered Level 5 of the Dungeon
  4307 | D:5      | Reached * piety under Qazlal
  5112 | D:6      | Reached XP level 9. HP: 25/66 MP: 10/12
  5336 | D:6      | Reached skill level 5 in Fighting
  5371 | D:6      | Reached skill level 5 in Invocations
  6017 | D:7      | Reached skill level 5 in Dodging
  6076 | D:7      | Reached skill level 5 in Shields
  6158 | D:7      | Reached ** piety under Qazlal
  6245 | D:7      | Reached XP level 10. HP: 74/76 MP: 14/14
  7186 | D:8      | Noticed Psyche
  7197 | D:8      | Killed Psyche
  7507 | D:8      | Noticed Pikel
  7558 | D:8      | Killed Pikel
  7597 | D:8      | Found an iron altar of Okawaru.
  7835 | D:9      | Noticed a two-headed ogre
  7873 | D:8      | Killed a two-headed ogre
  7948 | D:9      | Reached XP level 11. HP: 84/84 MP: 17/17
  8005 | D:9      | Reached *** piety under Qazlal
  8019 | D:9      | Reached skill level 5 in Armour
  8172 | D:9      | Noticed a two-headed ogre
  8185 | D:9      | Killed a two-headed ogre
  8417 | D:9      | Found a staircase to the Lair.
  8691 | D:9      | Found a staircase to the Orcish Mines.
  9033 | Lair:1   | Entered Level 1 of the Lair of Beasts
  9033 | Lair:1   | Found a transporter.
  9038 | Lair:1   | Found a transporter.
  9039 | Lair:1   | Noticed Zoroqier's ghost (journeyman HuFi)
  9044 | Lair:1   | Found a bloodstained altar of Trog.
  9044 | Lair:1   | Noticed a spriggan rider
  9059 | Lair:1   | Noticed a moth of wrath
  9214 | Lair:1   | Reached **** piety under Qazlal
  9280 | Lair:1   | Reached skill level 10 in Invocations
  9686 | Lair:1   | Reached XP level 12. HP: 91/94 MP: 18/20
 10643 | Lair:1   | Reached skill level 10 in Fighting
 10643 | Lair:1   | Reached XP level 13. HP: 103/103 MP: 21/21
 10868 | D:2      | Reached ***** piety under Qazlal
 11563 | Lair:2   | Found a staircase to the Shoals.
 11598 | Lair:2   | Noticed Fannar
 11630 | Lair:2   | Killed Fannar
 11659 | Lair:2   | Found an ornate altar of the Wu Jian Council.
 11659 | Lair:2   | Found a hide-covered altar of Uskayaw.
 11956 | Lair:2   | Noticed Sonja
 11973 | Lair:2   | Killed Sonja
 12248 | Lair:2   | Found a staircase to the Snake Pit.
 12544 | Lair:3   | Found a frozen archway.
 12581 | IceCv    | Entered an ice cave
 12872 | IceCv    | Noticed a reaper
 12915 | IceCv    | Killed a reaper
 12916 | IceCv    | Reached skill level 10 in Shields
 13068 | IceCv    | Found the +2 Maxwell's thermic engine {flame, freeze, rev}
 13861 | Lair:3   | Reached skill level 1 in Long Blades
 14528 | Lair:4   | Reached XP level 14. HP: 106/113 MP: 22/24
 14766 | Lair:4   | Found a viscous altar of Jiyva.
 14766 | Lair:4   | Found a staircase to the Slime Pits.
 15103 | D:10     | Entered Level 10 of the Dungeon
 15575 | D:10     | Found a shadowy altar of Dithmenos.
 16446 | D:11     | Noticed Erica
 16463 | D:11     | Killed Erica
 16814 | D:11     | Noticed Harold
 16839 | D:11     | Reached skill level 5 in Long Blades
 16853 | D:11     | Killed Harold
 17003 | D:11     | Found a portal to a secret trove of treasure.
 17264 | D:12     | Noticed Nergalle
 17265 | D:12     | Noticed Lodul
 17341 | D:12     | Noticed Rupert
 17428 | D:11     | Paralysed by Rupert for 3 turns
 17450 | D:11     | Demolished by Rupert

Illustrated notes

Levels and vault maps discovered:
D:1:      lemuel_arrival_muddy, layout_basic
D:2:      layout_basic, minmay_octomino_c4, uniq_sigmund
D:3:      layout_basic, minitemple, cheibrodos_sewer_entry_drain,
          basic_ecumenical_altar, nicolae_shop_vocational, uniq_jessica
D:4:      layout_loops_ring, minmay_temple_entry_antechambers
D:5:      layout_rooms, minmay_misc_feat_hallway, blue_anna_alchemist,
          serial_park_tiny_2
D:6:      layout_basic
D:7:      layout_cave_pools, nicolae_eternal_life
D:8:      layout_gridville, okawaru_altar_gauntlet_db, uniq_pikel, uniq_psyche
D:9:      layout_irregular_city, hellmonk_lair_entry_icy, orc_0_dummy,
          serial_bayou_ford_a
D:10:     minmay_shrinking_squares, layout_loops_corners,
          nicolae_dithmenos_through_a_glass_darkly
D:11:     layout_basic, nicolae_trove_entry_diagonal, uniq_erica, uniq_harold
D:12:     minmay_the_grid_square_5x5_3x3 [minmay_the_grid_square_5x5_empty,
          minmay_the_grid_square_5x5_shrine2,
          minmay_the_grid_square_5x5_tetrominoes,
          minmay_the_grid_square_5x5_six_small,
          minmay_the_grid_square_5x5_megaprize_hollow,
          minmay_the_grid_square_5x5_checkered,
          minmay_the_grid_square_5x5_percent, minmay_the_grid_square_5x5_bite,
          minmay_the_grid_square_5x5_bridge], layout_cave_pools,
          yredelemnul_forgotten_temple_becter, uniq_rupert, uniq_lodul,
          uniq_nergalle
Temple:   compressed_dpeg_circular_temple
Lair:1:   lemuel_reptile_caves, layout_small_grid,
          gammafunk_ghost_wrathful_warriors
Lair:2:   layout_loops_ring, elwin_shoals_entry_rooms,
          minmay_snake_entry_guardpost_small, nzn_masters_of_martial_movement,
          infiniplex_staircase_pool, uniq_sonja, uniq_fannar
Lair:3:   dreamdust_cave_troll, layout_cave_pods, portal_ice_cave_entry_imps,
          fungi_pond_lemuel
Lair:4:   layout_cellular_growth, dpeg_slime_entry_enclosed,
          infiniplex_staircase_pool_2

Skill      XL: |  1  2  3  4  5  6  7  8  9 10 11 12 13 14 |
---------------+-------------------------------------------+-----
Polearms       | 3 4 5 8 9 11 12 13 14 | 14.0
Invocations    | 1 4 6 8 10 11 13 14 | 14.6
Dodging        | 3 5 7 9 11 | 11.0
Fighting       | 4 5 7 8 10 11 12 | 12.1
Armour         | 3 4 5 6 7 8 |  8.6
Shields        | 4 5 6 7 9 10 | 10.0
Long Blades    | 2 5 |  5.4

Action                     |  1- 3 |  4- 6 |  7- 9 | 10-12 | 13-15 || total
---------------------------+-------+-------+-------+-------+-------++-------
  Melee: Trident           |    67 |   128 |   360 |   828 |   869 ||  2252
         Tailslap          |       |     2 |     1 |     1 |    14 ||    18
 Invoke: Elemental Force   |       |       |       |       |     1 ||     1
  Evoke: Wand              |       |       |       |       |     6 ||     6
    Use: Scroll            |     2 |     4 |    12 |     3 |     4 ||    25
         Potion            |       |       |     1 |     1 |     5 ||     7
   Stab: Distracted        |       |       |     1 |       |       ||     1
 Armour: Scale mail        |    27 |    67 |   179 |       |       ||   273
         Steam dragon scal |       |       |    27 |   207 |     1 ||   235
         Skin              |       |       |     2 |       |       ||     2
         Leather armour    |       |       |       |       |   103 ||   103
         Plate armour      |       |       |       |       |   184 ||   184
  Dodge: Dodged            |    20 |    36 |   155 |   258 |   267 ||   736
         Repelled          |       |       |       |     4 |    10 ||    14
  Block: Buckler           |    14 |    20 |   110 |   341 |   484 ||   969

Table legend: (Time is in decaauts)
 A = Elapsed time spent in this place.
 B = Non-inter-level travel time spent in this place.
 C = Inter-level travel time spent in this place.
 D = Time resting spent in this place.
 E = Time spent auto-exploring this place.
 F = Levels seen in this place.
 G = Mean time per level.
                   A        B        C        D        E       F      G
               +--------+--------+--------+--------+--------+-----+--------+
         Total |  16695 |  15378 |   1317 |   1205 |  11315 |  19 |  878.7 |
       Dungeon |  11153 |  10377 |    776 |    985 |   7576 |  12 |  929.4 |
        Temple |     40 |     20 |     20 |      0 |      0 |   1 |   40.0 |
          Lair |   4754 |   4233 |    521 |    112 |   3412 |   4 | 1188.5 |
         Sewer |    175 |    175 |      0 |      0 |    115 |   1 |  175.0 |
      Ice Cave |    570 |    570 |      0 |    108 |    211 |   1 |  570.0 |
               +--------+--------+--------+--------+--------+-----+--------+

Top non-repeatable levels by time:
  Lair:1: 1856 daAuts
     D:4: 1492 daAuts
     D:9: 1198 daAuts
  Lair:2: 1137 daAuts
     D:8: 1133 daAuts
    D:10: 1128 daAuts
    D:11: 1071 daAuts
     D:3: 1009 daAuts
     D:6: 953 daAuts
  Lair:3: 947 daAuts
     D:2: 899 daAuts
     D:1: 852 daAuts
  Lair:4: 813 daAuts
     D:7: 750 daAuts
     D:5: 639 daAuts
